 Dungeon Crawl Stone Soup version 0.18.1-48-g4cf74bf (webtiles) character file.

38 Neosonic97 the Ruffian (level 3, -5/29 HPs)
             Began as a Draconian Transmuter on Sept 8, 2016.
             Slain by a gnoll
             ... wielding a +0 halberd
              (10 damage)
             ... on level 2 of the Dungeon.
             The game lasted 00:03:22 (1738 turns).

Neosonic97 the Ruffian (Draconian Transmuter)       Turns: 1738, Time: 00:03:23

Health: -5/29      AC:  5    Str: 13    XL:     3   Next: 25%
Magic:  5/6        EV: 12    Int: 13    God:
Gold:   26         SH:  0    Dex: 11    Spells: 1 memorised, 5 levels left

rFire  . . .     SeeInvis .       - Unarmed
rCold  . . .     Gourm    .     (armour unavailable)
rNeg   . . .     Faith    .     (no shield)
rPois  .         Spirit   .     (helmet restricted)
rElec  .         Dismiss  .     (no cloak)
rCorr  .         Reflect  .     (no gloves)
SustAt .         Harm     .     (no boots)
MR     .....                    (no amulet)
Stlth  +.........               (no ring)
                                (no ring)

@: appendage (expiring), not resistant to hostile enchantments, very unstealthy
A: unfitting armour, horns 2, cold-blooded, AC +5
a: End Transformation


You were on level 2 of the Dungeon.
You were hungry.
You had grown temporary horns.
You visited 1 branch of the dungeon, and saw 2 of its levels.

You collected 26 gold pieces.

Inventory:

Missiles
 a - 12 arrows
Scrolls
 e - a scroll of teleportation {unknown}
 h - a scroll of remove curse
 k - a scroll of magic mapping {unknown}
 l - a scroll of fear {unknown}
Potions
 d - a potion of heal wounds
 g - a potion of haste
Books
 b - a book of Changes

   Spells                             Type                      Level
   a - Beastly Appendage              Transmutation                1
   b - Sticks to Snakes               Transmutation                2
   c - Spider Form                    Transmutation/Poison         3
   d - Ice Form                       Ice/Transmutation            4
   e - Blade Hands                    Transmutation                5
Comestibles
 c - 2 bread rations
 f - a meat ration
 i - 2 beef jerkies


   Skills:
 * Level 2.1 Fighting
 * Level 2.9 Dodging
 - Level 3.0 Unarmed Combat
 - Level 2.0 Spellcasting
 - Level 2.0 Transmutations


You had 5 spell levels left.
You knew the following spells:

 Your Spells              Type           Power        Failure   Level  Hunger
a - Beastly Appendage     Trmt           #.....       12%         1    ##.....


Dungeon Overview and Level Annotations

Branches:
Dungeon (2/15)

Altars:


Innate Abilities, Weirdness & Mutations

Your plain brown scales are hard (AC +5).
Your body does not fit into most forms of armour.
You are cold-blooded and may be slowed by cold attacks.
You have a pair of horns on your head.


Message History

Eat which item? (? for menu, Esc to quit)
Okay, then.
The gnoll shouts!
The gnoll moves out of view.
A rat comes into view.
Casting: Beastly Appendage
Confirm with . or Enter, or press ? or * to list all spells.
You grow a pair of large bovine horns.
The gnoll barely misses you. The gnoll hits you with a halberd!!
Ouch! That really hurt!
The gnoll misses you.
You hit the gnoll.
The gnoll is heavily wounded.
The gnoll hits you from afar with a spear.
* * * LOW HITPOINT WARNING * * *
The gnoll barely misses you.
You barely miss the gnoll.
The gnoll is heavily wounded.
The gnoll hits you from afar with a halberd!
You die... #.#.#≈♣≈♣♣ ..... #......≈.≈ rg..

###.#♣P≈♣♣
... ## ####
#.#♣♣♣♣♣ ..
#. #...##.#
#. #. #.#
#...# #.#.
##.#
##.######♣
#.g###.#
##..(...♣
#.gg@..#
#.####..
##.##..##
##.#
##.#...##
##.##
#.#.#.###.##
##.###...##
### #####


You could see 3 gnolls.

Vanquished Creatures
  A dart slug (D:1)
  3 giant geckos
  3 bats
  3 giant cockroaches (D:1)
  3 goblins
  6 hobgoblins
  3 kobolds
  A quokka (D:2)
  A ball python (D:1)
  3 giant newts
  3 rats
30 creatures vanquished.

Notes
Turn   | Place    | Note
--------------------------------------------------------------
     0 | D:1      | Neosonic97 the Draconian Transmuter began the quest for the Orb.
     0 | D:1      | Reached XP level 1. HP: 16/16 MP: 3/3
   317 | D:1      | Reached XP level 2. HP: 24/24 MP: 3/5
  1147 | D:2      | Reached XP level 3. HP: 29/29 MP: 4/6
  1738 | D:2      | Slain by a gnoll

Skill      XL: |  1  2  3 |
---------------+----------+-----
Dodging        | 2 |  2.9
Fighting       | 2 |  2.1
Unarmed Combat | |  3.0
Spellcasting   | |  2.0
Transmutations | |  2.0

Action                   || total
-------------------------++-------
Melee: Unarmed           ||   144
       Kick              ||     9
       Tailslap          ||    12
       Headbutt          ||     6
       Punch             ||     1
 Cast: Beastly Appendage ||    25
  Use: Scroll            ||     3
       Potion            ||     4
  Eat: Chunk             ||     3
Armor: Skin              ||    45
Dodge: Dodged            ||   104
